 Dungeon Crawl Stone Soup version 0.31-a0-431-g88bdf31460 (webtiles) character file.

Game seed: 16851107255287931991

3368 randomguy2701 the Cleaver (level 9, -17/79 HPs)
             Began as a Minotaur Fighter on July 31, 2023.
             Was a Follower of Okawaru.
             Demolished by a white ugly thing (21 damage)
             ... on level 8 of the Dungeon.
             The game lasted 00:10:17 (7397 turns).

randomguy2701 the Cleaver (Minotaur Fighter)        Turns: 7397, Time: 00:10:17

Health: -17/79     AC:  8    Str: 21    XL:     9   Next: 73%
Magic:  9/9        EV: 11    Int:  5    God:    Okawaru [*.....]
Gold:   325        SH:  6    Dex: 17    Spells: 8/8 levels left

rFire   . . .        a - +0 war axe
rCold   . . .        c - +0 buckler
rNeg    . . .        b - +0 scale mail
rPois   +            F - +0 hat "Deunn" {rPois rCorr Dex+3 Stlth-}
rElec   .            (no cloak)
rCorr   +            (no gloves)
SInv    .            (no boots)
Will    .....        (no amulet) Stlth
                     m - ring of flight
HPRegen 0.33/turn    (no ring)
MPRegen 0.11/turn

%: no passive effects
@: flying
A: horns 2, retaliatory headbutt
a: Renounce Religion, Heroism


You were on level 8 of the Dungeon.
You worshipped Okawaru.
Okawaru was aware of your devotion.
You visited 2 branches of the dungeon, and saw 9 of its levels.

You collected 325 gold pieces.

Inventory:

Hand Weapons
 a - a +0 war axe (weapon)
Missiles
 D - 3 throwing nets
Armour
 b - a +0 scale mail (worn)
 c - a +0 buckler (worn)
 v - the +1 ring mail "Nuok Yde" {Harm rPois rN+}
   (You found it on level 4 of the Dungeon)

   rPois:     It protects you from poison.
   rN:        It protects you from negative energy.
   Harm:      It increases damage dealt and taken.
 F - the +0 hat "Deunn" (worn) {rPois rCorr Dex+3 Stlth-}
   (You found it on level 7 of the Dungeon)

   Dex:       It affects your dexterity (+3).
   rPois:     It protects you from poison.
   rCorr:     It protects you from acid and corrosion.
   Stlth:     It makes you less stealthy.
Jewellery
 m - a ring of flight (left hand)
 q - a ring of wizardry
 s - a ring of fire
 z - an amulet of faith
 E - a ring of wizardry
Wands
 x - a wand of polymorph (17)
Scrolls
 e - a scroll of vulnerability {unknown}
 g - a scroll of enchant armour {unknown}
 k - 2 scrolls of amnesia {unknown}
 p - a scroll of enchant weapon {unknown}
 t - a scroll of summoning {unknown}
 w - a scroll of teleportation {unknown}
 B - a scroll of fear {unknown}
 C - a scroll of immolation {unknown}
Potions
 d - a potion of might
 f - a potion of cancellation
 h - 3 potions of heal wounds
 i - 2 potions of berserk rage
 j - 2 potions of degeneration
 l - 3 potions of curing
 n - 2 potions of lignification
 o - a potion of ambrosia
 r - a potion of mutation
 u - 2 potions of brilliance
 A - 2 potions of attraction {unknown}


   Skills:
 + Level 7.5 Fighting
 + Level 11.0 Axes
 + Level 8.8 Armour
 + Level 3.4 Dodging
 + Level 1.5 Stealth
 + Level 6.0 Shields
 + Level 0.7 Unarmed Combat
 * Level 1.5 Invocations


You had 8 spell levels left.
You didn't know any spells.
Your spell library contained the following spells:

 Spells                   Type           Power      Damage    Failure   Level
 Slow                     Hex            0%         N/A       83%         1
 Blink                    Tloc           0%         N/A       92%         2
 Lesser Beckoning         Tloc           0%         N/A       92%         2
 Momentum Strike          Conj/Tloc      0%         3d8       92%         2
 Confusing Touch          Hex            0%         N/A       99%         3
 Hailstorm                Conj/Ice       0%         3d3       99%         3
 Inner Flame              Hex/Fire       0%         N/A       99%         3
 Vampiric Draining        Necr           0%         2d6       99%         3
 Flame Wave               Conj/Fire      0%         2d4       100%        4
 Sticky Flame             Conj/Fire      0%         2d3       100%        4
 Summon Ice Beast         Ice/Summ       Unusable   N/A       N/A         4
 Simulacrum               Ice/Necr       Unusable   N/A       N/A         6

Dungeon Overview and Level Annotations

Branches:
Dungeon (8/15)             Temple (1/1) D:6
   Lair: D:8-11

Altars:
Ashenzari
Cheibriados
Dithmenos
Elyvilon
Fedhas
Gozag
Hepliaklqana
Kikubaaqudgha
Makhleb
Nemelex Xobeh
Okawaru
Qazlal
Ru
Trog
Vehumet
Wu Jian
Xom
Yredelemnul
Zin
The Shining One

Shops:
D:2 [   D:5 =

Annotations:
D:2 1 runed translucent door, Crazy Yiuf


Innate Abilities, Weirdness & Mutations

You have a pair of horns on your head.
You reflexively headbutt those who attack you in melee.


Message History

You closely miss the bullfrog.
The bullfrog is heavily wounded.
The bullfrog misses you.
You hit the bullfrog. Your headbutt misses the bullfrog.
The bullfrog is severely wounded.
The bullfrog hits you.
You closely miss the bullfrog.
The bullfrog is severely wounded.
The bullfrog closely misses you. You furiously retaliate!
You headbutt the bullfrog!
You kill the bullfrog!
Okawaru accepts your kill.
Your Axes skill increases to level 11!
HP restored.
You see here a bullfrog corpse.
A white ugly thing comes into view.
Found a serpent talisman.
The white ugly thing gurgles horribly!
A white ugly thing is nearby!
The white ugly thing attacks as you move away!
The white ugly thing stings you! The white ugly thing freezes you!!
You slash the white ugly thing!
The white ugly thing is moderately wounded.
The white ugly thing stings you. The white ugly thing freezes you!!
* * * LOW HITPOINT WARNING * * *
You completely miss the white ugly thing.
The white ugly thing is moderately wounded.
You block the white ugly thing's attack.
You barely miss the white ugly thing.
The white ugly thing is moderately wounded.
You block the white ugly thing's attack.
You hit the white ugly thing. You headbutt the white ugly thing.
The white ugly thing is moderately wounded.
The white ugly thing barely misses you.
You hit the white ugly thing. You headbutt the white ugly thing!
The white ugly thing is heavily wounded.
The white ugly thing stings you!
* * * LOW HITPOINT WARNING * * *
The white ugly thing freezes you!!
You die...

#######..#
##.....#
##.###......#.
#.....# ....
####..##.....
####....##.
#..........#
##....#....##
####.†.####...#
#....@## [....
#.##.u# .##. ..
#..## .# ##
##.## #..# #.##
#.# #.#
#.......#


You could see a white ugly thing.

Vanquished Creatures
  Pikel (D:6)
  Prince Ribbit (D:5)
  Menkaure (D:4)
  Edmund (D:5)
  A water moccasin (D:6)
  A sky beast (D:6)
  4 ogres
  2 black bears
  An ice beast (D:6)
  2 centaurs
  A kobold brigand (D:6)
  2 phantoms
  4 bullfrogs
  4 scorpions
  2 howler monkeys
  2 jellies
  2 orc priests (D:5)
  A gnoll bouda (D:6)
  2 hounds
  Terence (D:2)
  Jessica (D:2)
  2 sleepcaps
  Ijyb (D:5)
  2 iguanas
  2 orc wizards (D:3)
  A mummy (D:6)
  9 gnolls
  8 adders
  A shadow imp (D:6)
  A white imp (D:6)
  An ufetubus (D:7)
  3 worms
  3 dart slugs
  32 orcs
  3 bats
  5 endoplasms
  2 giant cockroaches
  18 goblins
  13 hobgoblins
  7 jackals
  15 kobolds
  A quokka (D:2)
  6 frilled lizards
  2 goblin zombies (D:6)
  8 rats
183 creatures vanquished.

Notes
Turn   | Place    | Note
-------+----------+-------------------------------------------
     0 | D:1      | randomguy2701 the Minotaur Fighter began the quest for the
                  | Orb.
     0 | D:1      | Reached XP level 1. HP: 19/19 MP: 0/0
   230 | D:1      | Reached XP level 2. HP: 27/27 MP: 1/1
   902 | D:2      | Reached XP level 3. HP: 33/33 MP: 2/2
   909 | D:2      | Noticed Terence
   913 | D:2      | Reached skill level 3 in Axes
   916 | D:2      | Killed Terence
   920 | D:2      | Reached XP level 4. HP: 24/40 MP: 3/3
  1055 | D:2      | Found Yxzemi's Antique Armour Shoppe.
  1055 | D:2      | Noticed Jessica
  1057 | D:2      | Reached skill level 4 in Axes
  1068 | D:2      | HP: 1/40 [Jessica/+4 club (4)]
  1069 | D:2      | Killed Jessica
  1434 | D:2      | Found a runed translucent door.
  1435 | D:2      | Noticed Crazy Yiuf
  1601 | D:3      | Reached XP level 5. HP: 46/46 MP: 4/4
  1665 | D:3      | Reached skill level 5 in Axes
  1942 | D:3      | Noticed a black bear
  1951 | D:3      | Killed a black bear
  1952 | D:3      | Reached XP level 6. HP: 38/53 MP: 5/5
  2038 | D:3      | You fall into a shaft and drop 3 floors!
  2040 | D:6      | Noticed a sky beast
  2047 | D:6      | Killed a sky beast
  2048 | D:6      | Reached skill level 6 in Axes
  2048 | D:6      | Reached skill level 1 in Dodging
  2061 | D:5      | Entered Level 5 of the Dungeon
  2061 | D:5      | Found Wek Yfemu's Jewellery Shoppe.
  2065 | D:5      | Reached skill level 5 in Armour
  2259 | D:4      | Identified the +1 ring mail "Nuok Yde" {Harm rPois rN+}
  2321 | D:4      | Reached XP level 7. HP: 51/60 MP: 6/6
  2333 | D:4      | Reached skill level 5 in Fighting
  2333 | D:4      | Reached skill level 7 in Axes
  2420 | D:4      | Noticed Menkaure
  2427 | D:4      | Killed Menkaure
  2976 | D:4      | Reached skill level 8 in Axes
  3062 | D:4      | Reached skill level 5 in Shields
  3166 | D:4      | Identified the +0 leather armour "Geetyceave" {-Cast Harm
                  | rElec rPois}
  3490 | D:4      | Reached XP level 8. HP: 54/69 MP: 7/7
  3619 | D:5      | Noticed Ijyb
  3630 | D:5      | Killed Ijyb
  3998 | D:5      | Noticed Prince Ribbit
  4010 | D:5      | Killed Prince Ribbit
  4011 | D:5      | Reached skill level 9 in Axes
  4142 | D:5      | Reached skill level 1 in Stealth
  4247 | D:5      | Noticed Edmund
  4260 | D:5      | Killed Edmund
  5017 | D:5      | Found a hazy altar of Hepliaklqana.
  5019 | D:5      | Found a bloodstained altar of Trog.
  5028 | D:5      | Found a glowing silver altar of Zin.
  5028 | D:5      | Found an opulent altar of Gozag.
  5028 | D:5      | Found an ancient bone altar of Kikubaaqudgha.
  5029 | D:5      | Found an ornate altar of the Wu Jian Council.
  5030 | D:5      | Found a stormy altar of Qazlal.
  5033 | D:5      | Found a burning altar of Makhleb.
  5114 | D:6      | Found a staircase to the Ecumenical Temple.
  5160 | Temple   | Entered the Ecumenical Temple
  5174 | Temple   | Became a worshipper of Warmaster Okawaru
  5197 | D:6      | Reached XP level 9. HP: 45/75 MP: 8/8
  5377 | D:6      | Reached skill level 10 in Axes
  5859 | D:6      | Noticed Pikel
  5878 | D:6      | Killed Pikel
  5878 | D:6      | Reached * piety under Okawaru
  6620 | D:7      | Identified the +0 hat "Deunn" {rPois rCorr Dex+3 Stlth-}
  6746 | D:7      | Found a white marble altar of Elyvilon.
  6865 | D:7      | Reached skill level 1 in Invocations
  7364 | D:8      | Reached skill level 11 in Axes
  7385 | D:8      | Noticed a white ugly thing
  7397 | D:8      | Demolished by a white ugly thing

Illustrated notes

Levels and vault maps discovered:
D:1:      dpeg_arrival_rhombi, layout_loops_ring, minmay_hexomino_c4
D:2:      layout_rooms, serial_shops, nicolae_shop_stone, uniq_terence,
          uniq_crazy_yiuf_cottage, uniq_jessica
D:3:      layout_basic
D:4:      layout_basic, nicolae_titane, uniq_menkaure
D:5:      layout_layer_cave, minitemple, minmay_shop_enchanted_jewellery,
          serial_bayou_ford_a, chequers_serial_rivers_large_a, uniq_edmund,
          uniq_ijyb, uniq_prince_ribbit1
D:6:      layout_loops_cross, minmay_temple_entry_statues_fountains,
          nicolae_ossuary_entry_giza, uniq_pikel
D:7:      corexii_shantytown, layout_rooms, elyvilon_altar_1, minivault_19,
          nicolae_elevator_lobby_plus
D:8:      layout_rooms, david_lair_shrubbed
Temple:   minmay_freezing_vapour_temple

Skill      XL: |  1  2  3  4  5  6  7  8  9 |
---------------+----------------------------+-----
Armour         | 4 5 6 7 8 |  8.8
Fighting       | 4 5 6 7 |  7.5
Shields        | 4 5 6 |  6.0
Axes           | 3 4 5 6 8 9 11 | 11.0
Dodging        | 1 2 3 |  3.4
Stealth        | 1 |  1.5
Invocations    | 1 |  1.5
Unarmed Combat | |  0.7

Action                     |  1- 3 |  4- 6 |  7- 9 || total
---------------------------+-------+-------+-------++-------
  Melee: War axe           |    43 |   109 |   295 ||   447
         Headbutt          |     4 |    14 |    61 ||    79
         Unarmed           |       |       |     7 ||     7
    Use: Scroll            |       |       |     9 ||     9
   Stab: Confused          |       |       |     2 ||     2
 Armour: Scale mail        |    17 |    45 |    86 ||   148
  Dodge: Dodged            |    19 |    45 |   132 ||   196
  Block: Buckler           |     5 |    23 |    73 ||   101

Table legend: (Time is in decaauts)
 A = Elapsed time spent in this place.
 B = Non-inter-level travel time spent in this place.
 C = Inter-level travel time spent in this place.
 D = Time resting spent in this place.
 E = Time spent auto-exploring this place.
 F = Levels seen in this place.
 G = Mean time per level.
                   A        B        C        D        E       F      G
               +--------+--------+--------+--------+--------+-----+--------+
         Total |   7458 |   7211 |    247 |      0 |   5974 |   9 |  828.7 |
       Dungeon |   7305 |   7058 |    247 |      0 |   5843 |   8 |  913.1 |
        Temple |    153 |    153 |      0 |      0 |    131 |   1 |  153.0 |
               +--------+--------+--------+--------+--------+-----+--------+

Top non-repeatable levels by time:
     D:5: 1627 daAuts
     D:6: 1256 daAuts
     D:4: 1090 daAuts
     D:3: 897 daAuts
     D:7: 847 daAuts
     D:1: 815 daAuts
     D:2: 717 daAuts
  Temple: 153 daAuts
     D:8: 53 daAuts
